 Dungeon Crawl Stone Soup version 0.31-a0-667-g39726597b9 (webtiles) character file.

Game seed: 16335463413695468925

102 LadyOphelia the Cudgeller (level 4, -2/60 HPs)
             Began as an Armataur Berserker on Sept 4, 2023.
             Was a Believer of Trog.
             Slain by a gnoll
             ... wielding a +0 flail
              (7 damage)
             ... on level 3 of the Dungeon.
             The game lasted 00:05:35 (2102 turns).

LadyOphelia the Cudgeller (Armataur Berserker)      Turns: 2102, Time: 00:05:36

Health: -2/60      AC:  4    Str: 23    XL:     4   Next: 50%
Magic:  4/4        EV: 10    Int:  7    God:    Trog [**....]
Gold:   147        SH:  0    Dex: 11    Spells: 3/3 levels left

rFire   x . .        a - +0 mace
rCold   + . .        (no shield)
rNeg    . . .        b - +0 animal skin
rPois   .            (no helmet)
rElec   .            (no cloak)
rCorr   .            (no gloves)
SInv    +            (no barding)
Will    .....        (no amulet) Stlth
                     o - ring of see invisible
HPRegen 0.30/turn    e - ring of ice
MPRegen 0.09/turn

%: roll
@: berserking, very quick
A: large, rugged brown scales 3, deformed body, armoured tail, roll, long
tongue, awkward tongue
a: Renounce Religion, Berserk, Trog's Hand


You were on level 3 of the Dungeon.
You worshipped Trog.
Trog was pleased with you.
You visited 1 branch of the dungeon, and saw 3 of its levels.

You collected 147 gold pieces.

Inventory:

Hand Weapons
 a - a +0 mace (weapon)
Armour
 b - a +0 animal skin (worn)
Jewellery
 e - a ring of ice (right hand)
 o - a ring of see invisible (left hand)
Scrolls
 d - a scroll of brand weapon {unknown}
 g - a scroll of vulnerability {unknown}
 i - 3 scrolls of teleportation (quivered)
 j - a scroll of blinking {unknown}
 l - a scroll of silence
 p - a scroll of enchant armour {unknown}
Potions
 c - 2 potions of curing {unknown}
 f - a potion of haste {unknown}
 h - 2 potions of magic
 k - a potion of brilliance {unknown}
 m - a potion of invisibility {unknown}
 n - a potion of berserk rage {unknown}


   Skills:
 + Level 3.3 Fighting
 + Level 3.8 Maces & Flails
 + Level 2.6 Armour
 + Level 2.0 Dodging
 + Level 0.3 Stealth


You had 3 spell levels left.
You didn't know any spells.
Your spell library contained the following spells:

 Spells                   Type           Power      Damage    Failure   Level
 Inner Flame              Hex/Fire       0%         N/A       80%         3
 Flame Wave               Conj/Fire      0%         2d4       99%         4
 Sticky Flame             Conj/Fire      0%         2d3       99%         4


Dungeon Overview and Level Annotations

Branches:
Dungeon (3/15)

Altars:
Elyvilon
Hepliaklqana
Uskayaw

Annotations:
D:3 3 runed translucent doors


Innate Abilities, Weirdness & Mutations

You are completely covered in rugged brown scales. (AC +3, +7% HP)
Armour fits poorly on your strangely shaped body.
You have a long armoured tail.
You roll when moving toward enemies. (Rampage)
Your long tongue fully drains potion bottles. (2x potion effects)
Your tongue gives you trouble enunciating. (1.5x scroll delay)


Message History

A gnoll comes into view. It is wielding a +0 spear.
A gnoll comes into view. It is wielding a +0 club.
The gnoll moves out of view.
The gnoll hits you with a +0 flail.
You roll towards the gnoll!
The gnoll shouts!
You hit the gnoll.
The gnoll is heavily wounded.
The gnoll hits you with a +0 flail. The hobgoblin hits you.
The gnoll closely misses you.
You roll towards the gnoll!
You hit the gnoll.
The gnoll is lightly wounded.
The hobgoblin hits you. The gnoll closely misses you. x2
The gnoll barely misses you.
You thump the gnoll! You punch the gnoll, but do no damage.
The gnoll is almost dead.
The hobgoblin hits you. The gnoll hits you with a +0 flail!
The gnoll closely misses you. x2
A red film seems to cover your vision as you go berserk!
You feel yourself moving faster!
You feel mighty! The hobgoblin barely misses you.
The gnoll hits you with a +0 flail!
The gnoll hits you with a +1 vampiric halberd.
The gnoll misses you.
You sock the gnoll!
You kill the gnoll!
Trog accepts your kill. The gnoll hits you with a +0 flail.
* * * LOW HITPOINT WARNING * * *
The hobgoblin hits you.
* * * LOW HITPOINT WARNING * * *
The gnoll hits you from afar with a +0 spear.
* * * LOW HITPOINT WARNING * * *
The hobgoblin hits you but does no damage.
You see here a +1 vampiric halberd.
You feel a strong urge to attack something.
The gnoll attacks as it pursues you! The gnoll hits you with a +0 club.
* * * LOW HITPOINT WARNING * * *
The gnoll closely misses you. The gnoll attacks as it pursues you!
The gnoll hits you with a +0 flail!
You die...

##.........##.#.#_
#..........##.#.#.
#...............##
#...............(#
#...............##
#...######......#.
#...######......#_
#.......##......#.
#@ggg...##......##
####g...##.......#
#.......##.....
........#####..
..##...... ##.#
..g ...(.# ....
#... ............
#... ......##...#
#... ..... .....


You could see 3 gnolls and a hobgoblin.

Vanquished Creatures
  2 gnolls
  An adder (D:3)
  2 worms
  4 dart slugs (D:1)
  5 ball pythons
  13 bats
  2 endoplasms
  4 giant cockroaches
  5 goblins
  2 hobgoblins
  2 jackals (D:3)
  2 quokkas
  3 frilled lizards
  5 kobolds
  6 rats
58 creatures vanquished.

Notes
Turn   | Place    | Note
-------+----------+-------------------------------------------
     0 | D:1      | LadyOphelia the Armataur Berserker began the quest for the
                  | Orb.
     0 | D:1      | Reached XP level 1. HP: 19/19 MP: 1/1
    61 | D:1      | Reached XP level 2. HP: 26/26 MP: 2/2
   313 | D:1      | Reached ** piety under Trog
   324 | D:1      | Reached XP level 3. HP: 32/33 MP: 3/3
  1103 | D:2      | Found a white marble altar of Elyvilon.
  1220 | D:2      | Reached XP level 4. HP: 40/40 MP: 4/4
  1769 | D:3      | Found a runed translucent gate.
  1769 | D:3      | Found a runed translucent gate.
  1769 | D:3      | Found a runed translucent gate.
  2017 | D:3      | Found a hazy altar of Hepliaklqana.
  2017 | D:3      | Found a hide-covered altar of Uskayaw.
  2102 | D:3      | Slain by a gnoll

Illustrated notes

Levels and vault maps discovered:
D:1:      shiori_arrival_elements, layout_loops_ring, grunt_decor_cap
D:2:      layout_basic, basic_altar
D:3:      layout_basic, gammafunk_temple_overflow_pools,
          gammafunk_ghost_cemetery

Skill      XL: |  1  2  3  4 |
---------------+-------------+-----
Maces & Flails | 3 |  3.8
Fighting       | 3 |  3.3
Dodging        | 2 |  2.0
Armour         | |  2.6
Stealth        | |  0.3

Action                     |  1- 3 |  4- 6 || total
---------------------------+-------+-------++-------
  Melee: Mace              |   120 |    44 ||   164
         Tailslap          |    10 |     3 ||    13
         Punch             |     1 |     2 ||     3
 Invoke: Berserk           |     1 |     1 ||     2
    Use: Scroll            |       |     3 ||     3
   Stab: Sleeping          |     2 |       ||     2
 Armour: Animal skin       |   103 |    45 ||   148
  Dodge: Dodged            |    72 |    36 ||   108

Table legend: (Time is in decaauts)
 A = Elapsed time spent in this place.
 B = Non-inter-level travel time spent in this place.
 C = Inter-level travel time spent in this place.
 D = Time resting spent in this place.
 E = Time spent auto-exploring this place.
 F = Levels seen in this place.
 G = Mean time per level.
                   A        B        C        D        E       F      G
               +--------+--------+--------+--------+--------+-----+--------+
         Total |   2151 |   1983 |    168 |    200 |   1176 |   3 |  717.0 |
       Dungeon |   2151 |   1983 |    168 |    200 |   1176 |   3 |  717.0 |
               +--------+--------+--------+--------+--------+-----+--------+

Top non-repeatable levels by time:
     D:1: 993 daAuts
     D:2: 751 daAuts
     D:3: 406 daAuts
